 Dungeon Crawl Stone Soup version 0.23.1 (webtiles) character file.

Game seed: 0

129889 Cykl0x the Severer (level 16, 0/116 HPs)
             Began as a Minotaur Fighter on Mar 9, 2019.
             Was the Champion of Makhleb.
             Slain by a spark wasp (23 damage)
             ... on level 1 of the Depths.
             The game lasted 01:15:01 (22235 turns).

Cykl0x the Severer (Minotaur Fighter)              Turns: 22235, Time: 01:15:01

Health: 0/116      AC: 19    Str: 31      XL:     16   Next: 51%
Magic:  22/23      EV: 10    Int:  2      God:    Makhleb [******]
Gold:   2094       SH: 26    Dex: 10 (11) Spells: 15/15 levels left

rFire    + . .     SeeInvis +   R - +1 broad axe (elec)
rCold    + + .     Gourm    .   Z - +4 large shield
rNeg     . . .     Faith    .   T - +3 plate armour
rPois    .         Spirit   .   (helmet unavailable)
rElec    .         Reflect  .   x - scarf {rC+ rF+}
rCorr    .         Harm     .   H - +0 pair of gloves
MR       ++...                  (no boots)
Stlth    ..........             m - amulet of the acrobat
HPRegen  0.29/turn              J - ring of Jilum {MR+ Str+3 Int-3 Dex+3 Stlth+}
MPRegen  0.18/turn              K - ring "Wubel" {*Drain *Slow rC+ Slay+6 SInv}

@: about to teleport
A: retaliatory headbutt, horns 3, clumsy 1, deterioration 1
a: Minor Destruction, Lesser Servant of Makhleb, Major Destruction, Greater
Servant of Makhleb, Renounce Religion


You were on level 1 of the Depths.
You worshipped Makhleb.
Makhleb was exalted by your worship.
You were hungry.

You visited 4 branches of the dungeon, and saw 24 of its levels.
You also visited: Sewer and Ossuary.

You collected 2432 gold pieces.
You spent 338 gold pieces at shops.

Inventory:

Hand Weapons
 a - a +4 scimitar of flaming
 R - a +1 broad axe of electrocution (weapon)
Missiles
 e - 689 stones
 w - 5 tomahawks (quivered)
 P - a javelin
Armour
 v - +0 fire dragon scales
 x - a scarf of resistance (worn)
 H - a +0 pair of gloves (worn)
 T - a +3 plate armour (worn)
 Z - a +4 large shield (worn)
Jewellery
 m - an amulet of the acrobat (around neck)
 C - an uncursed ring of poison resistance
 J - the ring of Jilum (left hand) {MR+ Str+3 Int-3 Dex+3 Stlth+}
   (You took it off a crimson imp on level 7 of the Dungeon)

   [ring of stealth]

   It affects your strength (+3).
   It affects your intelligence (-3).
   It affects your dexterity (+3).
   It affects your resistance to hostile enchantments.
   It makes you more stealthy.
 K - the ring "Wubel" (right hand) {*Drain *Slow rC+ Slay+6 SInv}
   (You found it on level 7 of the Dungeon)

   [ring of protection from cold]

   It affects your accuracy and damage with ranged weapons and melee attacks
   (+6).
   It protects you from cold.
   It lets you see invisible.
   It causes draining when unequipped.
   It may slow you when you take damage.
 M - an uncursed ring of flight
 S - an uncursed amulet of regeneration
Wands
 c - a wand of enslavement (10)
 o - a wand of polymorph (23)
 q - a wand of disintegration (7)
 t - a wand of clouds (8)
 u - a wand of digging (15)
 y - a wand of random effects (9)
 F - a wand of flame (67)
 N - a wand of iceblast (16)
 X - a wand of paralysis (18)
Scrolls
 h - 5 scrolls of remove curse
 l - 15 scrolls of teleportation
 p - 3 scrolls of blinking
 A - 2 scrolls of fog
 G - 8 scrolls of fear
 I - 3 scrolls of identify
 Q - 5 scrolls of magic mapping
 V - 3 scrolls of immolation
 Y - a scroll of amnesia
Potions
 b - a potion of berserk rage
 d - 4 potions of might
 g - 5 potions of lignification
 i - 12 potions of brilliance
 k - 3 potions of magic
 n - 9 potions of curing
 r - 3 potions of flight
 s - 3 potions of resistance
 B - 6 potions of agility
 D - 5 potions of haste
 O - a potion of invisibility
Miscellaneous
 j - a lamp of fire
Comestibles
 f - 46 rations
 z - 3 chunks of flesh


   Skills:
 - Level 3.6 Fighting
 + Level 3.4 Long Blades
 * Level 18.8 Axes
   Level 1.0(12.8) Maces & Flails
 * Level 11.5 Throwing
 + Level 11.5 Armour
 + Level 10.4 Dodging
 + Level 1.5 Stealth
 + Level 15.9 Shields
 * Level 10.6 Invocations
 * Level 5.1 Evocations


You had 15 spell levels left.
You didn't know any spells.
Your spell library contained the following spells:

 Spells                   Type           Power        Failure   Level  Hunger
 Apportation              Tloc           #.....       100%        1    ##.....
 Confusing Touch          Hex            #.....       100%        1    ##.....
 Sandblast                Erth           #.....       100%        1    ##.....
 Summon Butterflies       Summ           #.......     100%        1    ##.....
 Passwall                 Tmut/Erth      #.......     100%        2    ###....
 Sublimation of Blood     Necr           #.........   100%        2    ###....
 Confuse                  Hex            #.......     100%        3    ####...
 Gell's Gravitas          Tloc           #.........   100%        3    ####...
 Ignite Poison            Fire/Tmut/Pois #.......     100%        3    ####...
 Lesser Beckoning         Tloc           #.........   100%        3    ####...
 Stone Arrow              Conj/Erth      #.....       100%        3    ####...
 Tukima's Dance           Hex            #.......     100%        3    ####...
 Cause Fear               Hex            #.........   100%        4    #####..
 Petrify                  Tmut/Erth      #.......     100%        4    #####..
 Alistair's Intoxication  Tmut/Pois      #.......     100%        5    ######.
 Blade Hands              Tmut           #.........   100%        5    ######.
 Bolt of Magma            Conj/Fire/Erth #.........   100%        5    ######.
 Irradiate                Conj/Tmut      #.........   100%        5    ######.
 Iskenderun's Battlesphe  Conj/Chrm      #.......     100%        5    ######.
 Lee's Rapid Deconstruct  Erth           #.........   100%        5    ######.
 Metabolic Englaciation   Hex/Ice        #.........   100%        5    ######.
 Silence                  Hex/Air        #.........   100%        5    ######.
 Summon Forest            Summ/Tloc      #.........   100%        5    ######.
 Venom Bolt               Conj/Pois      #.........   100%        5    ######.
 Yara's Violent Unravell  Hex/Tmut       #.........   100%        5    ######.
 Deflect Missiles         Chrm/Air       #.........   100%        6    #######
 Invisibility             Hex            #.......     100%        6    #######
 Iron Shot                Conj/Erth      #.........   100%        6    #######
 Malign Gateway           Summ/Tloc      #.........   100%        7    #######
 Monstrous Menagerie      Summ           #.........   100%        7    #######
 Orb of Destruction       Conj           #.........   100%        7    #######
 Spellforged Servitor     Conj/Summ      #.........   100%        7    #######
 Summon Greater Demon     Summ           #.........   100%        7    #######
 Discord                  Hex            #.........   100%        8    #######
 Disjunction              Tloc           #.........   100%        8    #######
 Summon Horrible Things   Summ           #.........   100%        8    #######


Dungeon Overview and Level Annotations

Branches:
Dungeon (15/15)            Temple (0/1) D:7            Lair (6/6) D:9
 Shoals (0/4) Lair:3        Snake (0/4) Lair:2        Slime (0/5) Lair:6
    Orc (2/2) D:10            Elf (0/3) Orc:2        Vaults (0/5) D:14
 Depths (1/5) D:15

Altars:
Ashenzari
Dithmenos
Elyvilon
Fedhas
Gozag
Hepliaklqana
Kikubaaqudgha
Makhleb
Ru
Sif Muna
Trog
Wu Jian
Xom
Zin
The Shining One
Beogh
Jiyva

Shops:
D:5 (   D:7 *   D:8 (   D:11 [   Orc:2 %?*(

Portals:
Hell: Depths:1

Annotations:
D:6 3 runed translucent doors, Gunterle's ghost, novice FoMo


Innate Abilities, Weirdness & Mutations

You reflexively headbutt those who attack you in melee.
You have a pair of large horns on your head.
You are clumsy. (Dex -2)
Your body sometimes deteriorates upon taking damage.


Message History

The ogre mage hits you but does no damage.
The deep troll earth mage misses you. The deep troll earth mage claws you.
The deep troll earth mage claws you!
* * * LOW HITPOINT WARNING * * *
You block the spark wasp's attack.
You hit the deep troll earth mage.
Lightning courses through the deep troll earth mage!!
You kill the deep troll earth mage!
Makhleb accepts your kill.
You feel better.
You miss the spark wasp. You hit the fire dragon.
Lightning courses through the fire dragon!
You hit the ogre mage. You hit the stone giant.
You block the fire dragon's attack.
The fire dragon claws you but does no damage.
You block the fire dragon's attack. The stone giant hits you!
The ogre mage gestures at you while chanting.
The bolt of fire hits you! You resist.
* * * LOW HITPOINT WARNING * * *
The spark wasp stings you!!
You die...

##†.......... #.#........'.....
....########.####+#........######
...## ........>#+#### .) .###
#........# .. .# #........#. ..
.# #.......... ...# .. .#
#..DG#.#.# ...# .. .# #.C†#C#
##..+ .. '#############..@y#.D
...# .. .((.(.......###OD##


GD# ##..##+#. ............# #...# =≈u#...##.#. ............# #..#. #y##..##.#.
............# ##..#. #...##.#. ............# #.#### ####.....'. ............#
...#.#.#.#(...#.#. .####.......####.............#.#. .#
##....>.'................).#. You could see a fire giant, a fire dragon, an ice
dragon, a stone giant, a great orb of eyes, a spark wasp and an ogre mage.

Vanquished Creatures
  Jorgrun (Orc:1)
  Kirke (Lair:4)
  4 stone giants (Depths:1)
  4 very ugly things (Depths:1)
  Azrael (D:15)
  An ettin (Depths:1)
  Josephine (Lair:5)
  3 fire dragons
  Harold (Lair:2)
  4 vault guards (D:14)
  The ghost of FunkyPutin the Basher, a journeyman GrFi of the Shining One (Orc:1)
  11 hydras
  An ice dragon (Depths:1)
  A catoblepas (Lair:6)
  5 centaur warriors
  11 two-headed ogres
  A death knight (D:12)
  2 deep troll earth magi (Depths:1)
  A deep troll shaman (Depths:1)
  A soul eater (Depths:1)
  3 deep trolls (Depths:1)
  A flayed ghost (Depths:1)
  2 wizards
  A skeletal warrior (D:12)
  3 glowing orange brains (Depths:1)
  A harpy (shapeshifter) (D:15)
  4 orc knights
  A cyclops (D:12)
  2 manticores
  2 oklob plants
  A deep elf mage (D:15)
  26 ugly things
  A moth of wrath (Orc:1)
  2 merfolk sirens (Lair:3)
  10 elephants
  5 black mambas
  A torpor snail (Lair:5)
  3 gargoyles
  25 spiny frogs
  3 freezing wraiths
  8 rime drakes
  A yaktaur (D:15)
  A kobold demonologist (D:15)
  4 komodo dragons
  A hellwing (Depths:1)
  A tengu conjurer (Depths:1)
  A queen bee (Lair:3)
  5 tyrant leeches (Lair:6)
  2 polar bears
  2 wind drakes (shapeshifter) (Depths:1)
  2 merfolk (Lair:3)
  Grinder (D:4)
  4 trolls
  22 blink frogs
  5 slime creatures (Depths:1)
  24 hippogriffs
  11 dream sheep
  A meliai zombie (D:14)
  A water elemental (Depths:1)
  8 wyverns
  A spriggan (D:7)
  5 wraiths
  5 shadows
  33 yaks
  A tarantella (shapeshifter) (D:14)
  2 hogs (Lair:4)
  6 basilisks
  4 fire elementals (D:15)
  A steam dragon (Lair:2)
  A human (shapeshifter) (D:15)
  Menkaure (D:7)
  4 hungry ghosts
  12 vampire mosquitoes
  11 wargs
  2 soldier ants
  An acid dragon (D:12)
  12 water moccasins
  A hell hound (D:14)
  36 orc warriors
  11 porcupines
  A swamp drake (shapeshifter) (D:14)
  2 ice beasts
  Purgy (Sewer)
  5 black bears
  4 phantoms
  11 sky beasts
  A meliai simulacrum (D:14)
  11 ogres
  6 wolves (Lair:3)
  A necrophage (D:7)
  15 centaurs
  6 crocodiles
  Blork the orc (D:4)
  21 bullfrogs
  A water moccasin skeleton (D:7)
  4 scorpions
  39 killer bees
  14 wights
  3 howler monkeys
  An electric eel (Lair:3)
  11 crimson imps
  6 centaur zombies
  14 hounds
  2 bullfrog zombies
  11 orc priests
  5 bullfrog skeletons
  6 centaur skeletons
  7 jellies
  A gnoll shaman (D:7)
  2 iguanas
  18 mummies (Ossuary)
  Ijyb (D:5)
  Natasha (D:4)
  5 hell rats (Lair:6)
  14 orc wizards
  8 worker ants
  2 hound zombies
  A hound skeleton (D:8)
  A howler monkey zombie (Ossuary)
  Robin (D:3)
  2 worker ant zombies (Ossuary)
  14 adders
  14 gnolls
  A howler monkey skeleton (D:7)
  4 shadow imps
  2 oozes
  5 adder zombies
  2 adder skeletons
  6 worms
  2 dart slugs
  3 leopard geckos
  75 orcs
  3 bats
  4 giant cockroaches
  10 hobgoblins
  7 jackals
  10 quokkas
  4 ball pythons
  5 frilled lizards
  12 goblins
  9 kobolds
  A leopard gecko zombie (D:5)
  7 rats
  7 fungi
  5 plants
887 creatures vanquished.

Vanquished Creatures (others)
  A bullfrog (Lair:4)
  A crimson imp (Depths:1)
  6 fungi
  32 plants
  3 withered plants (Ossuary)
43 creatures vanquished.

Grand Total: 930 creatures vanquished

Notes
Turn   | Place    | Note
-------+----------+-------------------------------------------
     0 | D:1      | Cykl0x the Minotaur Fighter began the quest for the Orb.
     0 | D:1      | Reached XP level 1. HP: 19/19 MP: 0/0
   393 | D:1      | Reached XP level 2. HP: 27/27 MP: 1/1
   855 | D:2      | Reached skill level 3 in Axes
   855 | D:2      | Reached skill level 1 in Dodging
   855 | D:2      | Reached XP level 3. HP: 32/33 MP: 2/2
   860 | D:2      | Reached skill level 1 in Throwing
  1134 | D:2      | Reached XP level 4. HP: 40/40 MP: 3/3
  1609 | D:3      | Found a sacrificial altar of Ru.
  1691 | D:3      | Noticed Robin
  1705 | D:3      | Killed Robin
  1712 | D:3      | Reached skill level 4 in Axes
  1819 | D:3      | Found a burning altar of Makhleb.
  1824 | D:3      | Found a hazy altar of Hepliaklqana.
  1824 | D:3      | Found an ancient bone altar of Kikubaaqudgha.
  1828 | D:3      | Found a glowing golden altar of the Shining One.
  1846 | D:3      | Became a worshipper of Makhleb the Destroyer
  1865 | D:3      | Reached XP level 5. HP: 46/46 MP: 4/4
  1951 | D:3      | Found a glowing silver altar of Zin.
  1952 | D:3      | Found an opulent altar of Gozag.
  2177 | D:4      | Noticed Natasha
  2178 | D:4      | Killed Natasha
  2380 | D:4      | Reached skill level 5 in Axes
  2380 | D:4      | Reached XP level 6. HP: 38/52 MP: 5/5
  2521 | D:4      | Found a blossoming altar of Fedhas.
  2538 | D:4      | Reached skill level 1 in Invocations
  2543 | D:4      | Reached skill level 6 in Axes
  2574 | D:4      | Reached * piety under Makhleb
  2581 | D:4      | Found a bloodstained altar of Trog.
  2702 | D:4      | Noticed Grinder
  2704 | D:4      | Paralysed by Grinder for 5 turns
  2714 | D:4      | Paralysed by Grinder for 6 turns
  2721 | D:4      | Killed Grinder
  2721 | D:4      | Reached skill level 5 in Shields
  2721 | D:4      | Reached XP level 7. HP: 8/58 MP: 7/7
  3119 | D:4      | Noticed Blork the orc
  3129 | D:4      | Killed Blork the orc
  3530 | D:5      | Entered Level 5 of the Dungeon
  3535 | D:5      | Noticed Ijyb
  3547 | D:5      | Killed Ijyb
  3638 | D:5      | Found a shadowy altar of Dithmenos.
  3638 | D:5      | Found a white marble altar of Elyvilon.
  3657 | D:5      | Reached skill level 7 in Axes
  3994 | D:5      | Found Laecam's Antique Weapon Boutique.
  4001 | D:5      | Bought a glowing hand axe for 120 gold pieces
  4008 | D:5      | Noticed a yak
  4008 | D:5      | Noticed a yak
  4008 | D:5      | Noticed a yak
  4009 | D:5      | Noticed a yak
  4011 | D:5      | Noticed a yak
  4014 | D:5      | Reached XP level 8. HP: 65/66 MP: 8/8
  4029 | D:5      | Reached skill level 8 in Axes
  4035 | D:5      | Reached skill level 5 in Armour
  4051 | D:5      | Reached skill level 9 in Axes
  4347 | D:6      | Reached XP level 9. HP: 64/71 MP: 10/10
  4358 | D:6      | Reached ** piety under Makhleb
  4424 | D:6      | Found a glowing drain.
  4446 | Sewer    | Entered a sewer
  4536 | Sewer    | Noticed Purgy
  4548 | Sewer    | Killed Purgy
  4687 | D:6      | Noticed Gunterle's ghost (novice FoMo)
  4709 | D:6      | Found a runed translucent gate.
  4709 | D:6      | Found a runed translucent gate.
  4709 | D:6      | Found a runed translucent gate.
  4775 | D:6      | Reached skill level 10 in Axes
  4775 | D:6      | Reached skill level 5 in Throwing
  4781 | D:6      | Reached skill level 5 in Dodging
  4993 | D:6      | Found an ornate altar of the Wu Jian Council.
  5350 | D:7      | Found a staircase to the Ecumenical Temple.
  5464 | D:7      | Reached *** piety under Makhleb
  5464 | D:7      | Reached skill level 11 in Axes
  5464 | D:7      | Noticed a troll
  5475 | D:7      | Killed a troll
  5500 | D:7      | Identified the ring of Jilum {MR+ Str+3 Int-3 Dex+3 Stlth+}
  5544 | D:7      | Got a bound lapis lazuli ring
  5546 | D:7      | Identified the ring "Wubel" {*Drain *Slow rC+ Slay+6 SInv}
                  | (You found it on level 7 of the Dungeon)
  5572 | D:7      | Reached XP level 10. HP: 78/78 MP: 12/12
  5603 | D:7      | Noticed a two-headed ogre
  5611 | D:7      | Killed a two-headed ogre
  5630 | D:7      | Found a shattered altar of Ashenzari.
  5754 | D:7      | Reached skill level 12 in Axes
  5758 | D:7      | Noticed Menkaure
  5763 | D:7      | Reached **** piety under Makhleb
  5767 | D:7      | Killed Menkaure
  5884 | D:7      | Found a sand-covered staircase.
  5893 | Ossuary  | Entered an ossuary
  6265 | D:7      | Gained mutation: You have large cloven feet. [potion of
                  | mutation]
  6265 | D:7      | Gained mutation: You are surrounded by a mild repulsion
                  | field. (EV +2) [potion of mutation]
  6353 | D:7      | Found Gabbeemn's Assorted Antiques.
  6361 | D:7      | Bought a scroll labeled ZOEHET TEINU for 27 gold pieces
  6361 | D:7      | Bought a scroll labeled DITUQU WYUXKORIWK for 27 gold
                  | pieces
  6522 | D:7      | Found a deep blue altar of Sif Muna.
  6872 | D:8      | Found Alew's Weapon Shoppe.
  6877 | D:8      | Bought a +0 morningstar for 52 gold pieces
  7158 | D:8      | Reached ***** piety under Makhleb
  7226 | D:8      | Got a transparent ring mail
  7238 | D:8      | Identified the +1 ring mail "Zuxkoch" {Int+2 Dex+3} (You
                  | found it on level 8 of the Dungeon)
  7579 | D:8      | Reached skill level 5 in Invocations
  7579 | D:8      | Reached XP level 11. HP: 83/83 MP: 13/13
  7593 | D:8      | Reached skill level 13 in Axes
  7901 | D:9      | Found a staircase to the Lair.
  7943 | D:9      | Noticed a two-headed ogre
  7951 | D:9      | Killed a two-headed ogre
  8232 | D:9      | Found a deep blue altar of Sif Muna.
  8542 | D:10     | Entered Level 10 of the Dungeon
  8545 | D:10     | Found an opulent altar of Gozag.
  8971 | D:10     | Found a staircase to the Orcish Mines.
  9320 | D:11     | Noticed a cyan ugly thing
  9325 | D:11     | Killed a cyan ugly thing
  9379 | D:11     | Reached skill level 14 in Axes
  9496 | D:11     | Noticed a two-headed ogre
  9499 | D:11     | Noticed a two-headed ogre
  9504 | D:11     | Killed a two-headed ogre
  9509 | D:11     | Killed a two-headed ogre
  9720 | D:11     | Found Omudarch's Armour Shoppe.
 10190 | D:12     | Reached XP level 12. HP: 91/91 MP: 15/15
 10675 | D:12     | Reached skill level 10 in Shields
 10678 | D:12     | Noticed a death knight
 10706 | D:12     | Killed a death knight
 10741 | D:12     | Reached ****** piety under Makhleb
 10916 | D:12     | Lost mutation: You have large cloven feet. [potion of
                  | mutation]
 10916 | D:12     | Lost mutation: You are surrounded by a mild repulsion
                  | field. (EV +2) [potion of mutation]
 10916 | D:12     | Gained mutation: You are clumsy. (Dex -2) [potion of
                  | mutation]
 10916 | D:12     | Gained mutation: Your muscles are strong. (Str +2) [potion
                  | of mutation]
 10917 | D:12     | Lost mutation: You are clumsy. (Dex -2) [potion of
                  | mutation]
 10917 | D:12     | Lost mutation: Your muscles are strong. (Str +2) [potion of
                  | mutation]
 10917 | D:12     | Gained mutation: Scrolls take you a little longer to read.
                  | [potion of mutation]
 10917 | D:12     | Gained mutation: You are agile. (Dex +2) [potion of
                  | mutation]
 10918 | D:12     | Lost mutation: You are agile. (Dex +2) [potion of mutation]
 10918 | D:12     | Lost mutation: Scrolls take you a little longer to read.
                  | [potion of mutation]
 10918 | D:12     | Gained mutation: Your body sometimes deteriorates upon
                  | taking damage. [potion of mutation]
 10918 | D:12     | Gained mutation: You are clumsy. (Dex -2) [potion of
                  | mutation]
 10918 | D:12     | Gained mutation: You have a pair of large horns on your
                  | head. [potion of mutation]
 11133 | D:13     | Noticed a centaur warrior
 11145 | D:13     | Killed a centaur warrior
 11194 | D:13     | Reached skill level 1 in Stealth
 11195 | D:13     | Noticed a centaur warrior
 11206 | D:13     | Killed a centaur warrior
 11206 | D:13     | Reached skill level 15 in Axes
 11262 | D:13     | Identified the Handbook of Transformation and Orientation
 11385 | D:13     | Noticed a two-headed ogre
 11385 | D:13     | Noticed a two-headed ogre
 11395 | D:13     | Killed a two-headed ogre
 11398 | D:13     | Killed a two-headed ogre
 11525 | D:13     | Noticed a two-headed ogre
 11534 | D:13     | Killed a two-headed ogre
 11685 | D:13     | Reached XP level 13. HP: 96/96 MP: 17/17
 12100 | D:14     | Found a gate to the Vaults.
 12461 | D:14     | You fall through a shaft!
 12461 | D:15     | Entered Level 15 of the Dungeon
 12893 | D:14     | Reached skill level 1 in Maces & Flails
 13158 | D:15     | Noticed Azrael
 13177 | D:15     | Killed Azrael
 13177 | D:15     | Reached XP level 14. HP: 57/103 MP: 19/19
 13361 | D:15     | Reached skill level 16 in Axes
 13361 | D:15     | Reached skill level 10 in Dodging
 13652 | D:15     | Reached skill level 10 in Throwing
 13652 | D:15     | Reached skill level 10 in Armour
 13656 | D:15     | HP: 1/103 [fire dragon (8)]
 13875 | D:15     | Found a staircase to the Depths.
 14387 | Lair:1   | Entered Level 1 of the Lair of Beasts
 15097 | Lair:2   | Reached skill level 1 in Long Blades
 15158 | Lair:2   | Found a staircase to the Snake Pit.
 15330 | Lair:2   | Reached skill level 1 in Evocations
 15458 | Lair:2   | Noticed Harold
 15474 | Lair:2   | Killed Harold
 15563 | Lair:2   | You fall through a shaft!
 16076 | Lair:3   | Found a staircase to the Shoals.
 16578 | Lair:4   | Noticed Kirke
 16593 | Lair:4   | Killed Kirke
 16739 | Lair:4   | Got a scorched long sword
 16740 | Lair:4   | Identified the cursed +3 long sword of the Insatiable
                  | Ghosts {drain, +Blink Dex+3 Stlth+} (You found it on level
                  | 4 of the Lair of Beasts)
 17232 | Lair:5   | Reached XP level 15. HP: 106/108 MP: 21/21
 17695 | Lair:5   | Noticed Josephine
 17703 | Lair:5   | Killed Josephine
 17703 | Lair:5   | Reached skill level 17 in Axes
 18369 | Lair:6   | Entered Level 6 of the Lair of Beasts
 18964 | Lair:6   | Reached skill level 15 in Shields
 18964 | Lair:6   | Reached skill level 10 in Invocations
 19332 | Lair:6   | Found a staircase to the Slime Pits.
 19332 | Lair:6   | Found a viscous altar of Jiyva.
 19843 | Orc:1    | Entered Level 1 of the Orcish Mines
 19848 | Orc:1    | Noticed Jorgrun
 19864 | Orc:1    | Killed Jorgrun
 19964 | Orc:1    | Found a transporter.
 19965 | Orc:1    | Noticed FunkyPutin's ghost (journeyman GrFi)
 20017 | Orc:1    | Found a transporter.
 20197 | Orc:1    | Found a roughly hewn altar of Beogh.
 20234 | Orc:1    | Reached skill level 18 in Axes
 20236 | Orc:1    | Killed FunkyPutin's ghost
 20259 | Orc:1    | Got a flickering amethyst amulet
 20292 | Orc:1    | Identified the amulet of Wiale {RegenMP Dex+5} (You found
                  | it on level 1 of the Orcish Mines)
 20572 | Orc:2    | Entered Level 2 of the Orcish Mines
 20654 | Orc:2    | Found a shimmering altar of Xom.
 20807 | Orc:2    | Found Cipagh's General Store.
 20807 | Orc:2    | Found Siuj's Magic Scroll Shop.
 20813 | Orc:2    | Found Vanemnovua's Weapon Emporium.
 20818 | Orc:2    | Found Widy's Food Boutique.
 20841 | Orc:2    | Bought a scroll of enchant armour for 112 gold pieces
 20971 | Orc:2    | Reached XP level 16. HP: 116/116 MP: 22/22
 21022 | Orc:2    | Found a staircase to the Elven Halls.
 21657 | Depths:1 | Entered Level 1 of the Depths
 22062 | Depths:1 | Found a gateway to Hell.
 22118 | Depths:1 | Reached skill level 5 in Evocations
 22235 | Depths:1 | Slain by a spark wasp

Skill      XL: |  1  2  3  4  5  6  7  8  9 10 11 12 13 14 15 16 |
---------------+-------------------------------------------------+-----
Shields        | 4 5 6 8 9 11 12 14 15 | 15.9
Axes           | 3 4 5 6 7 9 11 12 14 15 16 18 | 18.8
Dodging        | 1 2 3 4 5 6 7 8 9 10 | 10.4
Throwing       | 1 2 3 4 5 6 7 8 9 10 11 | 11.5
Armour         | 4 5 6 7 8 9 10 11 | 11.5
Invocations    | 1 2 3 4 5 6 7 8 9 10 | 10.6
Stealth        | 1 |  1.5
Maces & Flails | 1 |  1.0
Long Blades    | 1 3 |  3.4
Evocations     | 2 4 5 |  5.1
Fighting       | |  3.6

Action                   |  1- 3 |  4- 6 |  7- 9 | 10-12 | 13-15 | 16-18 || total
-------------------------+-------+-------+-------+-------+-------+-------++-------
Melee: War axe           |    48 |   111 |    36 |       |   261 |       ||   456
       Headbutt          |     6 |    17 |    64 |   137 |   313 |    50 ||   587
       Hand axe          |       |       |   217 |   644 |   543 |       ||  1404
       Kick              |       |       |       |   135 |       |       ||   135
       Morningstar       |       |       |       |       |     7 |       ||     7
       Scimitar          |       |       |       |       |    55 |       ||    55
       Broad axe         |       |       |       |       |   216 |   166 ||   382
Throw: Stone             |     7 |       |       |     5 |    14 |       ||    26
       Javelin           |     8 |    43 |    27 |     3 |     6 |       ||    87
       Tomahawk          |       |       |       |    62 |    59 |    12 ||   133
Evoke: Wand              |       |       |     2 |       |     5 |     1 ||     8
  Use: Scroll            |     5 |     3 |     6 |    17 |     9 |     1 ||    41
       Potion            |       |     1 |     4 |     4 |     5 |     1 ||    15
 Stab: Petrified         |       |       |       |       |     1 |       ||     1
  Eat: Chunk             |     1 |     5 |     9 |    14 |    16 |     2 ||    47
       Ration            |       |       |       |     2 |     5 |       ||     7
Armor: Scale mail        |    10 |     3 |       |       |       |       ||    13
       Chain mail        |       |    43 |     8 |       |       |       ||    51
       Plate armour      |       |       |    68 |   112 |   275 |    39 ||   494
Dodge: Dodged            |    16 |    37 |    79 |   149 |   276 |    52 ||   609
Block: Shield            |    40 |    77 |   142 |   346 |       |       ||   605
       Large shield      |       |       |       |     8 |  1079 |   172 ||  1259
       Rpst.: Scimitar   |       |       |       |       |     4 |       ||     4
